AoeStats
← Iguano Pop

Pilgrims

508592205Analyzed
3v3 RM · 9d ago on Sep 23, 2026· 30m 55s· 6 players
Game mode
Random Map
Map size
Normal (6 player)
Population
200
Speed
Normal
Resources
Standard
Victory
Conquest
Starting age
Dark Age
Ending age
Imperial Age
RankedLock teamsTeams togetherTeam positionsShared explorationLock speedFull tech treeHidden civsTurbo modeCheats
Victory
Defeat
🇺🇸 Koreans · United States
1470
+16
🇳🇿 Dravidians · New Zealand
1406
+19
🇲🇽 Saracens · Mexico
1262
+25
🇲🇽 Celts · Mexico
1482
-21
🇦🇷 Varangians · Argentina
1464
-20
🇲🇽 Danes · Mexico
1448
-19
骑猪射箭
10:54 Feudal Age
11:40 Double-Bit Axe
12:11 Fletching
13:53 Wheelbarrow
15:52 Town Watch
18:54 Horse Collar
21:02 Gold Mining
24:05 Castle Age
21:58 Stone Mining
25:06 Medium Warships
24:57 Bodkin Arrow
25:15 Loom
27:36 Bow Saw
28:07 Stone Shaft Mining
28:47 Ballistics
28:10 Treadmill Crane
32:25 Imperial Age
Wouldn'tyouknow
11:11 Feudal Age
10:58 Loom
11:47 Double-Bit Axe
11:53 Fishing Lines
14:51 Castle Age
15:55 Medium Warships
17:29 Gillnets
18:34 Wheelbarrow
19:24 Forging
19:55 Careening
19:56 Clinker Construction
20:31 Bow Saw
21:23 Iron Casting
23:02 Town Watch
23:34 Hand Cart
23:35 Fletching
24:13 Bodkin Arrow
27:55 Imperial Age
26:56 Padded Archer Armor
27:24 Thumb Ring
27:22 Husbandry
27:59 Ballistics
28:51 Bracer
Iguano Pop
5:24 Loom
12:40 Feudal Age
16:03 Fletching
19:02 Castle Age
19:05 Crossbowman
19:42 Bodkin Arrow
20:30 Padded Archer Armor
29:52 Leather Archer Armor
31:38 Wheelbarrow
YuF
8:47 Loom
11:23 Feudal Age
12:14 Fishing Lines
13:22 Fletching
15:54 Town Watch
16:45 Wheelbarrow
18:55 Double-Bit Axe
22:11 Castle Age
22:52 Bodkin Arrow
23:09 Bow Saw
22:52 Gillnets
30:24 Hand Cart
Limit-LesS
5:49 Loom
12:53 Feudal Age
14:42 Fletching
19:07 Castle Age
16:58 Double-Bit Axe
17:44 Fishing Lines
19:58 Medium Warships
20:27 Bodkin Arrow
25:05 Wheelbarrow
27:03 Ballistics
30:51 Heated Shot
Insomniac987
11:10 Feudal Age
10:47 Loom
11:56 Double-Bit Axe
14:34 Fletching
23:46 Castle Age
23:11 Horse Collar
24:41 Bodkin Arrow
24:56 Bow Saw
28:17 Scale Mail Armor
29:59 Gold Mining
30:11 Heavy Plow
Connection lost

Rejoining the realm…

Still unreachable

The connection could not be restored.

Session expired

The server has moved on; the page needs a fresh start.